 Dungeon Crawl Stone Soup version 0.28-a0-381-g937acc2988 (webtiles) character file.

Game seed: 6136076685918896998

828 jdzakarian the Covered (level 8, 0/91 HPs)
             Began as a Human Berserker on Sept 2, 2021.
             Was a Believer of Trog.
             Succumbed to a gnoll's poison
             ... on level 5 of the Dungeon.
             The game lasted 00:24:12 (4250 turns).

jdzakarian the Covered (Human Berserker)            Turns: 4250, Time: 00:24:13

Health: 0/91       AC: 11    Str: 17    XL:     8   Next: 17%
Magic:  8/8        EV: 11    Int:  8    God:    Trog [**....]
Gold:   118        SH:  5    Dex: 15    Spells: 7/7 levels left

rFire   . . .      SeeInvis .   j - +5 trident (flame)
rCold   . . .      Faith    +   e - +1 buckler
rNeg    . . .      Spirit   .   g - +0 chain mail
rPois   .          Reflect  .   (no helmet)
rElec   .          Harm     .   (no cloak)
rCorr   .          Rampage  .   n - +0 pair of gloves
Will    ++...                   (no boots)
Stlth   ..........              d - amulet of faith
HPRegen 1.25/turn               k - +4 ring of evasion
MPRegen 0.11/turn               (no ring)

@: berserking, lethally poisoned (0 -> -8), strong-willed, regenerating, very
quick
A: no striking features
a: Renounce Religion, Berserk, Trog's Hand


You were on level 5 of the Dungeon.
You worshipped Trog.
Trog was pleased with you.
You visited 1 branch of the dungeon, and saw 4 of its levels.

You collected 227 gold pieces.
You spent 109 gold pieces at shops.

Inventory:

Hand Weapons
 c - a +0 hunting sling
 j - a +5 trident of flaming (weapon)
Missiles
 b - 22 bolts
 f - 56 stones
 h - a throwing net
Armour
 e - a +1 buckler (worn)
 g - a +0 chain mail (worn)
 n - a +0 pair of gloves (worn)
Jewellery
 d - an amulet of faith (around neck)
 k - a +4 ring of evasion (left hand)
Wands
 q - a wand of acid (13)
Scrolls
 l - a scroll of immolation
 m - a scroll of teleportation
 p - a scroll of magic mapping
Potions
 a - a potion of curing
 i - 2 potions of heal wounds
 o - a potion of lignification


   Skills:
 + Level 4.4 Fighting
 + Level 5.4 Polearms
 + Level 5.8 Armour
 + Level 2.5 Dodging
 + Level 0.5 Stealth
 + Level 1.6 Shields
 + Level 1.4 Evocations


You had 7 spell levels left.
You didn't know any spells.
Your spell library contained the following spells:

 Spells                   Type           Power      Damage    Failure   Level
 Animate Skeleton         Necr           0%         N/A       100%        1
 Apportation              Tloc           0%         N/A       100%        1
 Beastly Appendage        Tmut           0%         N/A       100%        1
 Corona                   Hex            0%         N/A       100%        1
 Summon Small Mammal      Summ           0%         N/A       100%        1
 Wereblood                Tmut           0%         N/A       100%        2
 Call Canine Familiar     Summ           0%         N/A       100%        3
 Spider Form              Tmut/Pois      0%         N/A       100%        3
 Summon Guardian Golem    Hex/Summ       0%         N/A       100%        3


Dungeon Overview and Level Annotations

Branches:
Dungeon (3/15)

Altars:
Ashenzari
Vehumet

Shops:
D:2 *[   D:5 :

Annotations:
D:5 1 transporter, Sekkong's ghost, novice MiBe


Message History

The gnoll sergeant hits you with a +0 spear.
* * * LOW HITPOINT WARNING * * *
You puncture the gnoll sergeant! You burn the gnoll sergeant.
The gnoll sergeant is almost dead.
You feel very sick.
The gnoll hits you but does no damage. x2; The gnoll closely misses you.
You completely miss the gnoll sergeant.
The gnoll sergeant is almost dead.
You feel sick.
The gnoll sergeant hits you but does no damage.
You block the gnoll's attack.
You puncture the gnoll sergeant! You burn the gnoll sergeant.
You kill the gnoll sergeant!
Trog accepts your kill.
You feel sick. The gnoll hits you with a +0 whip.
* * * LOW HITPOINT WARNING * * *
The gnoll closely misses you.
You are too berserk!
You are too berserk!
You are too berserk!
You closely miss the gnoll.
You feel sick. The gnoll barely misses you. The gnoll hits you with a +0 whip.
* * * LOW HITPOINT WARNING * * *
The gnoll hits you from afar with a +0 spear of venom.
* * * LOW HITPOINT WARNING * * *
You puncture the gnoll! You burn the gnoll.
You kill the gnoll!
Trog accepts your kill.
You feel sick. The gnoll hits you but does no damage.
You puncture the gnoll! You burn the gnoll.
The gnoll is almost dead.
You feel sick.
The gnoll hits you from afar with a +0 spear of venom.
* * * LOW HITPOINT WARNING * * *
You are lethally poisoned!
The gnoll sergeant closely misses you.
You hit the gnoll. You burn the gnoll.
You kill the gnoll!
Trog accepts your kill.
You die...

#.# #.#.≈≈#..... ....#≈≈..#
#.###...≈≈###.##g##.###≈≈..#
##.......≈≈..#.#...#.#..≈≈..#
.........≈≈.##.#..g#.##.≈≈..#
###......≈≈.#..#.gg#..#.≈≈..#
#......≈≈.##.#####.##.≈≈..#
#..........#g#8⌠8#.#..≈≈..#
#.).......©#.).©.'.#©.≈≈..#
#..........#.#@).#.#..≈≈..#
#......≈≈.##.##/##.##.≈≈..#
#####..≈≈.#g.#.g.#.g#.≈≈..#
#..≈≈.##gg...'.##.≈≈.##
#..≈≈..#.#...#.#..≈≈.#
#..≈≈###.##'##.###≈≈.#
#..≈≈#...........#≈≈.#
#..≈≈##.###.###.##≈≈.#
#..≈≈#g.#8###8#g.#≈≈.#


You could see a gnoll sergeant and a gnoll.

Vanquished Creatures
  Grinder (D:5)
  A necrophage (D:5)
  A black bear (D:5)
  2 phantoms (D:5)
  A gnoll sergeant (D:5)
  A hound (D:5)
  A bullfrog skeleton (D:5)
  Jessica (D:2)
  Ijyb (D:5)
  A howler monkey zombie (D:5)
  2 adders (D:2)
  6 gnolls (D:5)
  A worm (D:3)
  3 dart slugs
  An orc (D:5)
  7 ball pythons
  5 endoplasms
  9 goblins
  5 hobgoblins
  2 jackals (D:5)
  5 kobolds
  2 quokkas
  5 bats
  4 frilled lizards
  3 rats
71 creatures vanquished.

Vanquished Creatures (others)
  6 plants (D:5)
6 creatures vanquished.

Grand Total: 77 creatures vanquished

Notes
Turn   | Place    | Note
-------+----------+-------------------------------------------
     0 | D:1      | jdzakarian the Human Berserker began the quest for the Orb.
     0 | D:1      | Reached XP level 1. HP: 18/18 MP: 1/1
    46 | D:1      | Reached XP level 2. HP: 18/24 MP: 2/2
   618 | D:1      | Reached XP level 3. HP: 25/29 MP: 3/3
   625 | D:1      | Found a faded altar of an unknown god.
  1328 | D:2      | Noticed Jessica
  1347 | D:2      | Killed Jessica
  1348 | D:2      | Reached XP level 4. HP: 28/37 MP: 4/4
  1458 | D:2      | Reached ** piety under Trog
  1761 | D:2      | Found Iqotiqet's Assorted Antiques.
  1779 | D:2      | Bought an emerald potion for 25 gold pieces
  1779 | D:2      | Bought a scroll labelled BUOPIEFEDE for 28 gold pieces
  1779 | D:2      | Bought a scroll labelled ROHEFR DIURE for 28 gold pieces
  1779 | D:2      | Bought a scroll labelled DIACZA HIAQ for 28 gold pieces
  1910 | D:2      | Found Hidgh's Antique Armour Shop.
  2526 | D:3      | Reached XP level 5. HP: 42/42 MP: 5/5
  3033 | D:3      | You fall into a shaft and drop 2 floors!
  3033 | D:5      | Entered Level 5 of the Dungeon
  3033 | D:5      | Noticed Ijyb
  3033 | D:5      | Found Qaic's Book Boutique.
  3035 | D:5      | Paralysed by Ijyb for 7 turns
  3056 | D:5      | Killed Ijyb
  3144 | D:5      | Identified 2 scrolls of acquirement
  3146 | D:5      | Acquired a +5 trident of flaming
  3147 | D:5      | Acquired a +4 ring of evasion
  3242 | D:5      | Found a transporter.
  3285 | D:5      | Found a transporter.
  3363 | D:5      | Noticed Sekkong's ghost (novice MiBe)
  3387 | D:5      | Noticed a black bear
  3405 | D:5      | Killed a black bear
  3406 | D:5      | Reached skill level 1 in Shields
  3406 | D:5      | Reached XP level 6. HP: 23/48 MP: 6/6
  3537 | D:5      | Found a radiant altar of Vehumet.
  3699 | D:5      | Reached XP level 7. HP: 53/54 MP: 7/7
  3719 | D:5      | Reached skill level 5 in Polearms
  3820 | D:5      | Found a broken altar of Ashenzari.
  3892 | D:5      | Noticed Grinder
  3896 | D:5      | Killed Grinder
  3897 | D:5      | Reached skill level 5 in Armour
  3897 | D:5      | Reached skill level 1 in Evocations
  3897 | D:5      | Reached XP level 8. HP: 61/61 MP: 8/8
  3938 | D:5      | Identified the ring of Internal Strife {rC+ Will+ MP+9
                  | Int+4 Stlth-}
  4247 | D:5      | HP: 4/91 [gnoll (3)]
  4249 | D:5      | HP: 1/91 [gnoll (1)]
  4250 | D:5      | Succumbed to a gnoll's poison

Illustrated notes

Levels and vault maps discovered:
D:1:      scummos_arrival_checkerplants, layout_basic,
          hellmonk_ecumenical_altar_lost_god
D:2:      layout_basic, serial_shops, nicolae_shop_competitors_out_of_business,
          nicolae_shop_trees, minmay_statues_item, uniq_jessica
D:3:      layout_loops_ring, amcnicky_altar_gilded, serial_aquarium,
          aquarium_bridge_long_separate [aquarium_subvault_bridge,
          aquarium_subvault_bridge, aquarium_subvault_window,
          aquarium_subvault_bridge, aquarium_subvault_wall,
          aquarium_subvault_bridge], aquarium_window_1, aquarium_window_1,
          aquarium_view_2d, aquarium_balcony_double_4, aquarium_pool_double
D:5:      layout_basic, mainiacjoe_overflow_surrounded_room,
          nicolae_vehumet_altar_sigil, gammafunk_ghost_gnarly_gnolls,
          serial_shops, shop, grunt_ministairs_11, uniq_ijyb, uniq_grinder

Skill      XL: |  1  2  3  4  5  6  7 |
---------------+----------------------+-----
Polearms       | 4 5 |  5.4
Armour         | 3 4 5 |  5.8
Fighting       | 4 |  4.4
Shields        | 1 |  1.6
Evocations     | 1 |  1.4
Dodging        | |  2.5
Stealth        | |  0.5

Action                   |  1- 3 |  4- 6 |  7- 9 || total
-------------------------+-------+-------+-------++-------
Melee: Spear             |    98 |   115 |       ||   213
       Trident           |       |    26 |    18 ||    44
Throw: Stone             |       |     2 |       ||     2
Invok: Trog's Hand       |       |     3 |     1 ||     4
       Berserk           |       |     1 |     1 ||     2
Evoke: Wand              |       |     3 |    10 ||    13
  Use: Scroll            |     3 |     9 |     1 ||    13
       Potion            |     2 |       |       ||     2
Armor: Animal skin       |     4 |       |       ||     4
       Ring mail         |    12 |       |       ||    12
       Chain mail        |    25 |    76 |    10 ||   111
       Scale mail        |     1 |       |       ||     1
Dodge: Dodged            |    34 |    55 |    12 ||   101
Block: Buckler           |     4 |    24 |     6 ||    34

Table legend: (Time is in decaauts)
 A = Elapsed time spent in this place.
 B = Non-inter-level travel time spent in this place.
 C = Inter-level travel time spent in this place.
 D = Time resting spent in this place.
 E = Time spent auto-exploring this place.
 F = Levels seen in this place.
 G = Mean time per level.
                   A        B        C        D        E       F      G
               +--------+--------+--------+--------+--------+-----+--------+
         Total |   4263 |   4263 |      0 |    927 |   1872 |   4 | 1065.8 |
       Dungeon |   4263 |   4263 |      0 |    927 |   1872 |   4 | 1065.8 |
               +--------+--------+--------+--------+--------+-----+--------+

Top non-repeatable levels by time:
     D:5: 1235 daAuts
     D:1: 1182 daAuts
     D:3: 1052 daAuts
     D:2: 793 daAuts
